AoeStats
← Miguel GC

Arabia

509789183Analyzed
1v1 RM · 5d ago on Sep 28, 2026· 48m 8s· 2 players
Game mode
Random Map
Map size
Tiny (2 player)
Population
200
Speed
Normal
Resources
Standard
Victory
Conquest
Starting age
Dark Age
Ending age
Imperial Age
RankedLock teamsTeams togetherTeam positionsShared explorationLock speedFull tech treeHidden civsTurbo modeCheats
Victory
Defeat
🇲🇽 Byzantines · Mexico
1769
+12
🇦🇷 Chinese · Argentina
1669
-12
Miguel GC
5:57 Loom
8:59 Feudal Age
9:12 Man-at-Arms
19:01 Wheelbarrow
18:25 Fletching
19:07 Padded Archer Armor
23:16 Castle Age
22:32 Horse Collar
23:19 Crossbowman
23:55 Bodkin Arrow
24:08 Double-Bit Axe
27:43 Scale Barding Armor
30:12 Husbandry
30:35 Chain Barding Armor
30:52 Bow Saw
33:13 Forging
36:35 Leather Archer Armor
39:53 Imperial Age
39:03 Hand Cart
38:29 Elite Skirmisher
38:36 Light Cavalry
40:01 Iron Casting
41:48 Bracer
43:00 Ring Archer Armor
43:08 Plate Barding Armor
44:39 Ballistics
45:20 Chemistry
hayha
0:25 Loom
8:47 Feudal Age
12:24 Double-Bit Axe
17:32 Fletching
22:50 Castle Age
21:17 Gold Mining
21:09 Horse Collar
22:29 Padded Archer Armor
22:38 Scale Barding Armor
22:49 Bloodlines
23:23 Scale Barding Armor
23:33 Husbandry
23:49 Bow Saw
23:04 Elite Skirmisher
24:27 Bodkin Arrow
25:59 Scale Mail Armor
26:14 Leather Archer Armor
28:11 Husbandry
30:11 Ballistics
30:17 Chain Barding Armor
37:18 Imperial Age
34:57 Scale Mail Armor
36:03 Squires
37:31 Wheelbarrow
37:05 Town Watch
39:05 Bracer
39:19 Heavy Plow
42:04 Chemistry
41:31 Capped Ram
44:51 Chain Mail Armor
44:46 Forging
45:07 Ring Archer Armor
45:06 Hand Cart
45:03 Thumb Ring
44:32 Elite Fire Lancer
Connection lost

Rejoining the realm…

Still unreachable

The connection could not be restored.

Session expired

The server has moved on; the page needs a fresh start.